Golden Knights vs Blue Jackets
Created - April 3, 2022 at 00:03
Goals
|
| Golden Knights |
0 |
1 |
3 |
0 |
0 |
4 |
| Blue Jackets |
2 |
1 |
1 |
0 |
1 |
5 |
|
Shots
|
| Golden Knights |
6 |
9 |
14 |
4 |
3 |
33 |
| Blue Jackets |
10 |
13 |
10 |
4 |
2 |
37 |
|
1st period
1. Blue Jackets , Artemi Panarin 17 (Travis Hamonic 19, Bobby Ryan 17) at 0:16
2. Blue Jackets , Bobby Ryan 12 (Artemi Panarin 31, Shea Weber 12) at 2:13
Penalties :
Jamie Oleksiak (Veg) for High sticking (Minor) at 3:31, Henrik Sedin (Clb) for Holding (Minor) at 7:36, Andrei Loktionov (Veg) for Holding (Minor) at 16:43
2nd period
3. Golden Knights , Andrew Cogliano 11 (Andrei Loktionov 29) at 0:42
4. Blue Jackets , Artemi Panarin 18 (Tyler Seguin 27) at 18:58
Penalties :
Eric Gryba (Veg) for Hooking (Minor) at 5:39, Brandon Bollig (Clb) for High sticking (Minor) at 13:31
3rd period
5. Golden Knights , Andrew Cogliano 12 (Nathan Horton 8, Zach Bogosian 32) at 0:10
6. Golden Knights , Andrew Cogliano 13 (Zach Bogosian 33, Andrei Loktionov 30) at 0:22
7. Golden Knights , Andrew Cogliano 14 (Andrei Loktionov 31, Eric Gryba 5) at 9:27
8. Blue Jackets , Artemi Panarin 19 (Tyler Seguin 28) at 9:57
Penalties :
Andrew Cogliano (Veg) for Holding (Minor) at 0:40, Bobby Ryan (Clb) for Holding (Minor) at 6:04, Damien Brunner (Veg) for High sticking (Minor) at 15:41
Overtime #1
No Goal
Penalties :
No Penalty
Shootout
Golden Knights, Andrei Loktionov - Stopped by Rick DiPietro
Blue Jackets, Tyler Seguin - Goal!
Golden Knights, Andrew Cogliano - Stopped by Rick DiPietro
Blue Jackets, Artemi Panarin - Stopped by Ondrej Pavelec
Golden Knights, Matt Stajan - Stopped by Rick DiPietro
Penalties :
No Penalty
Goalie Stats
Ondrej Pavelec (Veg), 33 saves from 37 shots - (0.892), OTL, 16-17-6, 65:00 minutes
Rick DiPietro (Clb), 29 saves from 33 shots - (0.879), W, 9-17-6, 65:00 minutes
Players Stats for Golden Knights
Player Name G A P +/- PIM S H SB GA TA FO MP PP MP PK MP
------------------------------------------------------------------------------------
Andrei Loktionov 0 3 3 1 2 1 1 1 0 0 11/33 26:14 2:39 4:12
Andrew Cogliano 4 0 4 1 2 10 1 0 1 1 1/2 24:49 2:40 4:10
Chris Tierney 0 0 0 0 0 3 1 0 0 0 2/8 15:41 0:29 1:42
Damien Brunner 0 0 0 -1 2 0 1 0 1 0 0/0 14:26 2:48 0:00
Danny DeKeiser 0 0 0 -1 0 0 2 3 0 1 0/0 21:40 3:03 4:24
Eric Gryba 0 1 1 -1 2 2 0 0 0 1 0/0 20:18 3:03 3:27
Jamie Oleksiak 0 0 0 0 2 0 1 0 0 0 0/0 4:46 0:00 0:36
Kellan Lain 0 0 0 -1 0 4 1 0 0 0 2/5 19:50 2:48 4:16
Luke Glendening 0 0 0 0 0 1 1 1 0 1 2/3 15:32 0:00 2:34
Martin Hanzal 0 0 0 0 0 0 1 0 0 0 1/3 6:26 0:00 0:26
Mathew Dumba 0 0 0 1 0 1 1 3 1 1 0/0 28:32 2:54 5:17
Matt Stajan 0 0 0 -1 0 2 3 0 1 0 4/5 17:14 2:48 1:48
Nathan Horton 0 1 1 1 0 1 1 0 0 0 0/2 17:42 2:39 0:00
Olli Maatta 0 0 0 0 0 1 0 0 0 0 0/0 12:30 0:00 0:49
Thomas Vanek 0 0 0 0 0 1 0 0 0 1 0/0 15:14 0:40 0:42
Tom Wilson 0 0 0 0 0 0 0 0 0 0 0/0 6:18 0:20 0:00
Vladimir Mihalik 0 0 0 0 0 0 0 0 1 0 0/0 11:30 0:00 0:00
Zach Bogosian 0 2 2 1 0 6 6 2 1 0 0/0 31:18 2:54 5:17
Players Stats for Blue Jackets
Player Name G A P +/- PIM S H SB GA TA FO MP PP MP PK MP
------------------------------------------------------------------------------------
Artemi Panarin 3 1 4 0 0 9 6 0 1 0 0/0 25:35 5:29 2:33
Bobby Ryan 1 1 2 0 2 5 3 1 2 0 0/0 23:32 5:29 1:19
Brandon Bollig 0 0 0 0 2 0 1 0 0 1 1/1 16:48 4:25 1:11
Colton Parayko 0 0 0 -2 0 1 1 2 0 0 0/0 29:37 6:04 2:56
Dennis Wideman 0 0 0 0 0 0 0 0 0 0 0/0 13:13 0:00 0:00
Devin Setoguchi 0 0 0 0 0 1 2 0 0 0 0/1 7:30 0:00 1:50
Henrik Sedin 0 0 0 0 2 4 3 1 1 0 8/13 18:40 4:26 1:20
Kevin Porter 0 0 0 0 0 1 2 0 0 0 2/2 5:43 0:00 0:41
Matt Calvert 0 0 0 0 0 2 2 1 0 1 0/0 12:54 0:00 0:42
Rickard Rakell 0 0 0 0 0 1 1 0 0 0 1/1 15:41 4:25 0:00
Rob Scuderi 0 0 0 2 0 2 2 1 1 1 0/0 22:10 3:51 3:01
Shea Theodore 0 0 0 0 0 0 1 0 0 0 0/0 13:13 0:00 0:00
Shea Weber 0 1 1 2 0 0 0 0 0 2 0/0 22:10 3:51 3:01
T.J. Oshie 0 0 0 0 0 0 0 0 0 0 0/0 4:15 0:01 0:00
Tim Connolly 0 0 0 0 0 2 0 1 0 0 2/3 12:08 0:00 0:00
Travis Hamonic 0 1 1 -2 0 3 2 5 0 1 0/0 29:37 6:04 2:56
Tyler Kennedy 0 0 0 0 0 2 1 2 1 0 0/1 13:44 0:01 0:00
Tyler Seguin 0 2 2 0 0 4 2 0 0 0 24/39 27:30 5:29 2:18
3 Stars
1 - Artemi Panarin (Clb)
2 - Andrew Cogliano (Veg)
3 - Zach Bogosian (Veg)
Power Play
Golden Knights - 0 on 3 Attempt(s) - 0.00%
Blue Jackets - 0 on 5 Attempt(s) - 0.00%
Penalty Kill
Golden Knights - 5 on 5 Attempt(s) - 100.00%
- Score 0 goal in Penalty Kill
Blue Jackets - 3 on 3 Attempt(s) - 100.00%
- Score 0 goal in Penalty Kill
Team Stat
Golden Knights - Hits : 21 - Faceoff Wins : 23 - Blocked Shots : 10 - Penalty Minutes : 10
Blue Jackets - Hits : 29 - Faceoff Wins : 38 - Blocked Shots : 14 - Penalty Minutes : 6
Official
Referees : Tom Chmielewski and Ghislain Hebert
Linesman : Devin Berg and Tony Sericolo
Game Notes
Andrew Cogliano has scored a Hat Trick!
Artemi Panarin has scored a Hat Trick!
Finance
Level 1 -- Attendance: 5133 (85.55%) -- Ticket Income $513,300
Level 2 -- Attendance: 4258 (85.16%) -- Ticket Income $255,480
Level 3 -- Attendance: 1837 (91.85%) -- Ticket Income $64,295
Level 4 -- Attendance: 3514 (87.85%) -- Ticket Income $87,850
Luxury Box -- Attendance: 891 (89.10%) -- Ticket Income $178,200
Game was played at the Nationwide arena.
Total Attendance: 15633 (86.85%)
Total Ticket Income: $1,099,125
Other Income: $164,869
Total Income: $1,263,994
Golden Knights
5 vs 5 Forward
Center Left Wing Right Wing Time % Phy DF OF
1 Andrei Loktionov Andrew Cogliano Nathan Horton 40 1 2 2
2 Matt Stajan Kellan Lain Damien Brunner 30 1 2 2
3 Chris Tierney Thomas Vanek Luke Glendening 20 1 2 2
4 Martin Hanzal Andrei Loktionov Tom Wilson 10 1 2 2
5 vs 5 Defense
Defense Defense Time % Phy DF OF
1 Zach Bogosian Mathew Dumba 40 1 2 2
2 Danny DeKeiser Eric Gryba 30 1 2 2
3 Vladimir Mihalik Olli Maatta 20 1 2 2
4 Jamie Oleksiak Zach Bogosian 10 1 2 2
PowerPlay Forward
Center Left Wing Right Wing Time % Phy DF OF
1 Andrei Loktionov Andrew Cogliano Nathan Horton 60 1 2 2
2 Matt Stajan Kellan Lain Damien Brunner 40 1 2 2
PowerPlay Defense
Defense Defense Time % Phy DF OF
1 Zach Bogosian Mathew Dumba 60 1 2 2
2 Danny DeKeiser Eric Gryba 40 1 2 2
Penalty Kill 4 Players Forward
Center Wing Time % Phy DF OF
1 Andrei Loktionov Andrew Cogliano 60 1 2 2
2 Matt Stajan Kellan Lain 40 1 2 2
Penalty Kill 4 Players Defense
Defense Defense Time % Phy DF OF
1 Zach Bogosian Mathew Dumba 60 1 2 2
2 Danny DeKeiser Eric Gryba 40 1 2 2
Penalty Kill - 3 Players Forward
Forward Time % Phy DF OF
1 Andrei Loktionov 60 1 2 2
2 Andrew Cogliano 40 1 2 2
Penalty Kill - 3 Players Defense
Defense Defense Time % Phy DF OF
1 Zach Bogosian Mathew Dumba 60 1 2 2
2 Danny DeKeiser Eric Gryba 40 1 2 2
4 vs 4 Forward
Center Wing Time % Phy DF OF
1 Andrei Loktionov Andrew Cogliano 60 1 2 2
2 Matt Stajan Kellan Lain 40 1 2 2
4 vs 4 Defense
Defense Defense Time % Phy DF OF
1 Zach Bogosian Mathew Dumba 60 1 2 2
2 Danny DeKeiser Eric Gryba 40 1 2 2
Last Minutes Offensive
Center Left Wing Right Wing Defense Defense
Andrei Loktionov Andrew Cogliano Nathan Horton Zach Bogosian Mathew Dumba
Last Minutes Defensive
Center Left Wing Right Wing Defense Defense
Andrei Loktionov Andrew Cogliano Nathan Horton Zach Bogosian Mathew Dumba
Goaltenders
Starting : Ondrej Pavelec
Backup : Matt Hackett
Extra Forwards
Normal : Thomas Vanek, Chris Tierney, Luke Glendening - PP : Thomas Vanek, Chris Tierney - PK : Luke Glendening
Extra Defensemen
Normal : Vladimir Mihalik, Olli Maatta, Jamie Oleksiak - PP : Vladimir Mihalik - PK : Olli Maatta, Jamie Oleksiak
Penalty Shots
Andrei Loktionov, Andrew Cogliano, Matt Stajan, Kellan Lain, Thomas Vanek
Scratches
Michael Raffl (Healthy), Shawn Matthias (Healthy)
Blue Jackets
5 vs 5 Forward
Center Left Wing Right Wing Time % Phy DF OF
1 Tyler Seguin Artemi Panarin Bobby Ryan 40 1 2 2
2 Henrik Sedin Brandon Bollig Rickard Rakell 30 1 2 2
3 Tim Connolly Matt Calvert Tyler Kennedy 20 1 2 2
4 Kevin Porter Tyler Seguin Devin Setoguchi 10 1 2 2
5 vs 5 Defense
Defense Defense Time % Phy DF OF
1 Travis Hamonic Colton Parayko 40 1 2 2
2 Shea Weber Rob Scuderi 30 1 2 2
3 Dennis Wideman Shea Theodore 20 1 2 2
4 Travis Hamonic Colton Parayko 10 1 2 2
PowerPlay Forward
Center Left Wing Right Wing Time % Phy DF OF
1 Tyler Seguin Artemi Panarin Bobby Ryan 60 1 2 2
2 Henrik Sedin Brandon Bollig Rickard Rakell 40 1 2 2
PowerPlay Defense
Defense Defense Time % Phy DF OF
1 Travis Hamonic Colton Parayko 60 1 2 2
2 Shea Weber Rob Scuderi 40 1 2 2
Penalty Kill 4 Players Forward
Center Wing Time % Phy DF OF
1 Tyler Seguin Artemi Panarin 60 1 2 2
2 Henrik Sedin Bobby Ryan 40 1 2 2
Penalty Kill 4 Players Defense
Defense Defense Time % Phy DF OF
1 Travis Hamonic Colton Parayko 60 1 2 2
2 Shea Weber Rob Scuderi 40 1 2 2
Penalty Kill - 3 Players Forward
Forward Time % Phy DF OF
1 Tyler Seguin 60 1 2 2
2 Artemi Panarin 40 1 2 2
Penalty Kill - 3 Players Defense
Defense Defense Time % Phy DF OF
1 Travis Hamonic Colton Parayko 60 1 2 2
2 Shea Weber Rob Scuderi 40 1 2 2
4 vs 4 Forward
Center Wing Time % Phy DF OF
1 Tyler Seguin Artemi Panarin 60 1 2 2
2 Henrik Sedin Bobby Ryan 40 1 2 2
4 vs 4 Defense
Defense Defense Time % Phy DF OF
1 Travis Hamonic Colton Parayko 60 1 2 2
2 Shea Weber Rob Scuderi 40 1 2 2
Last Minutes Offensive
Center Left Wing Right Wing Defense Defense
Tyler Seguin Artemi Panarin Bobby Ryan Travis Hamonic Colton Parayko
Last Minutes Defensive
Center Left Wing Right Wing Defense Defense
Tyler Seguin Artemi Panarin Bobby Ryan Travis Hamonic Colton Parayko
Goaltenders
Starting : Rick DiPietro
Backup : Jonas Gustavsson
Extra Forwards
Normal : T.J. Oshie, Tyler Kennedy, Devin Setoguchi - PP : T.J. Oshie, Tyler Kennedy - PK : Devin Setoguchi
Extra Defensemen
Normal : Dennis Wideman, Shea Theodore, Shea Weber - PP : Dennis Wideman - PK : Shea Theodore, Shea Weber
Penalty Shots
Tyler Seguin, Artemi Panarin, Henrik Sedin, Bobby Ryan, Rickard Rakell
Scratches
Andreas Nodl (Healthy), Emerson Etem (Healthy), Martin Havlat (Healthy), Ryan Wilson (Healthy), Zac Dalpe (Torso Injury)
% Time on Ice - Golden Knights
Lines # - Real PCT - Wanted PCT - Time Play
Normal Forward
1 - 36% - 40% - 16:03
2 - 27% - 30% - 11:51
3 - 23% - 20% - 10:19
4 - 13% - 10% - 5:55
Normal Defense
1 - 40% - 40% - 17:46
2 - 28% - 30% - 12:13
3 - 26% - 20% - 11:19
4 - 6% - 10% - 2:50
PP Forward
1 - 49% - 60% - 2:56
2 - 51% - 40% - 3:01
PP Defense
1 - 49% - 60% - 2:54
2 - 51% - 40% - 3:03
PK Forward
1 - 82% - 60% - 8:07
2 - 18% - 40% - 1:48
PK Defense
1 - 56% - 60% - 5:31
2 - 44% - 40% - 4:24
PK3 Forward
1 - 0% - 60%
2 - 0% - 40%
PK3 Defense
1 - 0% - 60%
2 - 0% - 40%
44 Forward
1 - 81% - 60% - 4:04
2 - 19% - 40% - 0:56
44 Defense
1 - 58% - 60% - 2:55
2 - 42% - 40% - 2:05
Last Minute Offensive - 0:00
Last Minute Defensive - 0:00
Total
Forward - 65:00
Defense - 65:00
|
% Time on Ice - Blue Jackets
Lines # - Real PCT - Wanted PCT - Time Play
Normal Forward
1 - 36% - 40% - 15:44
2 - 25% - 30% - 11:14
3 - 27% - 20% - 12:08
4 - 11% - 10% - 5:02
Normal Defense
1 - 39% - 40% - 17:04
2 - 30% - 30% - 13:20
3 - 30% - 20% - 13:04
4 - 2% - 10% - 0:40
PP Forward
1 - 55% - 60% - 5:29
2 - 45% - 40% - 4:26
PP Defense
1 - 61% - 60% - 6:04
2 - 39% - 40% - 3:51
PK Forward
1 - 75% - 60% - 4:26
2 - 25% - 40% - 1:31
PK Defense
1 - 49% - 60% - 2:56
2 - 51% - 40% - 3:01
PK3 Forward
1 - 0% - 60%
2 - 0% - 40%
PK3 Defense
1 - 0% - 60%
2 - 0% - 40%
44 Forward
1 - 67% - 60% - 3:21
2 - 33% - 40% - 1:39
44 Defense
1 - 61% - 60% - 3:02
2 - 39% - 40% - 1:58
Last Minute Offensive - 0:00
Last Minute Defensive - 0:00
Total
Forward - 65:00
Defense - 65:00
|
Play-by-Play
1st period
0:01 of 1st period - Andrei Loktionov wins face-off versus Tyler Seguin in neutral zone.
0:10 of 1st period - Wrist shot by Artemi Panarin.
0:10 of 1st period - Shot Blocked by Zach Bogosian.
0:12 of 1st period - Slapshot by Travis Hamonic.
0:12 of 1st period - Deflect By Bobby Ryan.
0:12 of 1st period - Stopped by Ondrej Pavelec with a rebound.
0:16 of 1st period - Slapshot by Artemi Panarin.
0:16 of 1st period - Goal by Artemi Panarin - Golden Knights : 0 - Blue Jackets : 1.
0:17 of 1st period - Henrik Sedin wins face-off versus Kellan Lain in neutral zone.
0:49 of 1st period - Slapshot by Thomas Vanek.
0:49 of 1st period - Deflect By Chris Tierney.
0:49 of 1st period - Shot Misses the Net.
0:49 of 1st period - Puck is out of play.
0:50 of 1st period - Kevin Porter wins face-off versus Martin Hanzal in Blue Jackets zone.
1:37 of 1st period - Backhand shot by Matt Stajan.
1:37 of 1st period - Shot Blocked by Matt Calvert.
1:39 of 1st period - Slapshot by Olli Maatta.
1:39 of 1st period - Deflect By Tyler Kennedy.
1:39 of 1st period - Stopped by Rick DiPietro without a rebound.
1:40 of 1st period - Tyler Seguin wins face-off versus Kellan Lain in Blue Jackets zone.
2:13 of 1st period - Snap shot by Bobby Ryan.
2:13 of 1st period - Deflect By Eric Gryba.
2:13 of 1st period - Goal by Bobby Ryan - Golden Knights : 0 - Blue Jackets : 2.
2:14 of 1st period - Henrik Sedin wins face-off versus Andrei Loktionov in neutral zone.
2:23 of 1st period - Slapshot by Rickard Rakell.
2:23 of 1st period - Stopped by Ondrej Pavelec with a rebound.
2:39 of 1st period - Luke Glendening is hit by Bobby Ryan and loses puck.
3:02 of 1st period - Wrist shot by Tyler Kennedy.
3:02 of 1st period - Stopped by Ondrej Pavelec with a rebound.
3:04 of 1st period - Slapshot by Tim Connolly.
3:04 of 1st period - Stopped by Ondrej Pavelec with a rebound.
3:06 of 1st period - Wrist shot by Matt Calvert.
3:06 of 1st period - Stopped by Ondrej Pavelec with a rebound.
3:08 of 1st period - Slapshot by Dennis Wideman.
3:08 of 1st period - Shot Misses the Net.
3:10 of 1st period - Slapshot by Shea Theodore.
3:10 of 1st period - Deflect By Tyler Kennedy.
3:10 of 1st period - Shot Misses the Net.
3:10 of 1st period - Puck is out of play.
3:11 of 1st period - Tyler Seguin wins face-off versus Andrei Loktionov in Golden Knights zone.
3:12 of 1st period - Snap shot by Bobby Ryan.
3:12 of 1st period - Shot Misses the Net.
3:31 of 1st period - Minor Penalty to Jamie Oleksiak for High sticking.
3:32 of 1st period - Tyler Seguin wins face-off versus Andrei Loktionov in Golden Knights zone.
4:02 of 1st period - Zach Bogosian is hit by Rickard Rakell.
4:06 of 1st period - Snap shot by Kellan Lain.
4:06 of 1st period - Stopped by Rick DiPietro with a rebound.
4:22 of 1st period - Danny DeKeiser is hit by Tyler Seguin and loses puck.
5:06 of 1st period - Kellan Lain is hit by Tyler Seguin and loses puck.
5:31 of 1st period - Penalty to Jamie Oleksiak is over, Jamie Oleksiak is back on ice.
5:35 of 1st period - Andrei Loktionov is hit by Travis Hamonic and loses puck.
6:13 of 1st period - Thomas Vanek is hit by Tyler Kennedy and loses puck.
7:36 of 1st period - Minor Penalty to Henrik Sedin for Holding.
7:37 of 1st period - Andrei Loktionov wins face-off versus Tyler Seguin in Blue Jackets zone.
8:03 of 1st period - Shea Weber is hit by Danny DeKeiser and loses puck.
8:08 of 1st period - Slapshot by Kellan Lain.
8:08 of 1st period - Shot Misses the Net.
8:10 of 1st period - Wrist shot by Kellan Lain.
8:10 of 1st period - Stopped by Rick DiPietro with a rebound.
8:12 of 1st period - Slapshot by Mathew Dumba.
8:12 of 1st period - Shot Blocked by Bobby Ryan.
8:34 of 1st period - Travis Hamonic is hit by Damien Brunner and loses puck.
9:36 of 1st period - Penalty to Henrik Sedin is over, Henrik Sedin is back on ice.
10:01 of 1st period - Matt Calvert is hit by Martin Hanzal and loses puck.
11:33 of 1st period - Tom Wilson is hit by Kevin Porter and loses puck.
12:26 of 1st period - Snap shot by Matt Calvert.
12:26 of 1st period - Shot Blocked by Zach Bogosian.
12:40 of 1st period - Rob Scuderi is hit by Jamie Oleksiak and loses puck.
13:28 of 1st period - Rickard Rakell is hit by Andrew Cogliano.
13:57 of 1st period - Wrist shot by Kevin Porter.
13:57 of 1st period - Shot Misses the Net.
14:32 of 1st period - Snap shot by Tim Connolly.
14:32 of 1st period - Stopped by Ondrej Pavelec without a rebound.
14:33 of 1st period - Tim Connolly wins face-off versus Chris Tierney in Golden Knights zone.
15:00 of 1st period - Snap shot by Tyler Kennedy.
15:00 of 1st period - Stopped by Ondrej Pavelec with a rebound.
15:02 of 1st period - Slapshot by Rob Scuderi.
15:02 of 1st period - Stopped by Ondrej Pavelec without a rebound.
15:03 of 1st period - Tyler Seguin wins face-off versus Andrei Loktionov in Golden Knights zone.
15:33 of 1st period - Off-side.
15:34 of 1st period - Brandon Bollig wins face-off versus Matt Stajan in neutral zone.
15:47 of 1st period - Slapshot by Danny DeKeiser.
15:47 of 1st period - Shot Blocked by Henrik Sedin.
15:49 of 1st period - Slapshot by Eric Gryba.
15:49 of 1st period - Stopped by Rick DiPietro with a rebound.
15:55 of 1st period - Snap shot by Kellan Lain.
15:55 of 1st period - Stopped by Rick DiPietro without a rebound.
15:56 of 1st period - Tyler Seguin wins face-off versus Andrei Loktionov in Blue Jackets zone.
16:01 of 1st period - Travis Hamonic is hit by Mathew Dumba and loses puck.
16:21 of 1st period - Off-side.
16:22 of 1st period - Matt Stajan wins face-off versus Henrik Sedin in neutral zone.
16:35 of 1st period - Snap shot by Matt Stajan.
16:35 of 1st period - Stopped by Rick DiPietro without a rebound.
16:36 of 1st period - Tyler Seguin wins face-off versus Andrei Loktionov in Blue Jackets zone.
16:36 of 1st period - Tyler Seguin is hit by Zach Bogosian.
16:43 of 1st period - Minor Penalty to Andrei Loktionov for Holding.
16:44 of 1st period - Luke Glendening wins face-off versus Tyler Seguin in Golden Knights zone.
18:43 of 1st period - Penalty to Andrei Loktionov is over, Andrei Loktionov is back on ice.
Goals for this period are 0 for Golden Knights vs 2 for Blue Jackets.
Shots for this period are 6 for Golden Knights vs 10 for Blue Jackets.
2nd period
0:01 of 2nd period - Tyler Seguin wins face-off versus Andrei Loktionov in neutral zone.
0:04 of 2nd period - Andrew Cogliano is hit by Travis Hamonic.
0:08 of 2nd period - Snap shot by Zach Bogosian.
0:08 of 2nd period - Stopped by Rick DiPietro without a rebound.
0:09 of 2nd period - Andrei Loktionov wins face-off versus Tyler Seguin in Blue Jackets zone.
0:12 of 2nd period - Wrist shot by Andrew Cogliano.
0:12 of 2nd period - Stopped by Rick DiPietro with a rebound.
0:24 of 2nd period - Snap shot by Artemi Panarin.
0:24 of 2nd period - Stopped by Ondrej Pavelec without a rebound.
0:25 of 2nd period - Andrei Loktionov wins face-off versus Henrik Sedin in Golden Knights zone.
0:34 of 2nd period - Wrist shot by Andrei Loktionov.
0:34 of 2nd period - Shot Misses the Net.
0:36 of 2nd period - Snap shot by Mathew Dumba.
0:36 of 2nd period - Deflect By Andrew Cogliano.
0:36 of 2nd period - Shot Misses the Net.
0:36 of 2nd period - Puck is out of play.
0:37 of 2nd period - Andrei Loktionov wins face-off versus Tyler Seguin in Blue Jackets zone.
0:42 of 2nd period - Snap shot by Andrew Cogliano.
0:42 of 2nd period - Goal by Andrew Cogliano - Golden Knights : 1 - Blue Jackets : 2.
0:43 of 2nd period - Tyler Seguin wins face-off versus Andrei Loktionov in neutral zone.
1:10 of 2nd period - Matt Stajan is hit by Henrik Sedin.
1:50 of 2nd period - Icing by Luke Glendening.
1:51 of 2nd period - Kevin Porter wins face-off versus Nathan Horton in Golden Knights zone.
2:18 of 2nd period - Snap shot by Zach Bogosian.
2:18 of 2nd period - Stopped by Rick DiPietro without a rebound.
2:19 of 2nd period - Henrik Sedin wins face-off versus Chris Tierney in Blue Jackets zone.
2:19 of 2nd period - Henrik Sedin is hit by Zach Bogosian.
3:32 of 2nd period - Slapshot by Matt Calvert.
3:32 of 2nd period - Stopped by Ondrej Pavelec without a rebound.
3:33 of 2nd period - Rickard Rakell wins face-off versus Chris Tierney in Golden Knights zone.
3:34 of 2nd period - Snap shot by Henrik Sedin.
3:34 of 2nd period - Stopped by Ondrej Pavelec without a rebound.
3:35 of 2nd period - Chris Tierney wins face-off versus Henrik Sedin in Golden Knights zone.
4:25 of 2nd period - Matt Calvert is hit by Matt Stajan and loses puck.
4:32 of 2nd period - Backhand shot by Kellan Lain.
4:32 of 2nd period - Stopped by Rick DiPietro without a rebound.
4:33 of 2nd period - Tyler Seguin wins face-off versus Chris Tierney in Blue Jackets zone.
4:39 of 2nd period - Off-side.
4:40 of 2nd period - Chris Tierney wins face-off versus Tyler Seguin in neutral zone.
4:45 of 2nd period - Slapshot by Chris Tierney.
4:45 of 2nd period - Stopped by Rick DiPietro without a rebound.
4:46 of 2nd period - Andrei Loktionov wins face-off versus Tyler Seguin in Blue Jackets zone.
4:47 of 2nd period - Snap shot by Andrew Cogliano.
4:47 of 2nd period - Shot Blocked by Travis Hamonic.
4:49 of 2nd period - Snap shot by Andrew Cogliano.
4:49 of 2nd period - Shot Blocked by Travis Hamonic.
4:51 of 2nd period - Wrist shot by Nathan Horton.
4:51 of 2nd period - Shot Blocked by Travis Hamonic.
4:53 of 2nd period - Wrist shot by Andrew Cogliano.
4:53 of 2nd period - Stopped by Rick DiPietro with a rebound.
4:55 of 2nd period - Slapshot by Zach Bogosian.
4:55 of 2nd period - Shot Blocked by Colton Parayko.
5:05 of 2nd period - Colton Parayko is hit by Nathan Horton and loses puck.
5:20 of 2nd period - Wrist shot by Rickard Rakell.
5:20 of 2nd period - Deflect By Henrik Sedin.
5:20 of 2nd period - Stopped by Ondrej Pavelec without a rebound.
5:21 of 2nd period - Henrik Sedin wins face-off versus Kellan Lain in Golden Knights zone.
5:24 of 2nd period - Slapshot by Rickard Rakell.
5:24 of 2nd period - Shot Blocked by Danny DeKeiser.
5:26 of 2nd period - Slapshot by Rob Scuderi.
5:26 of 2nd period - Stopped by Ondrej Pavelec with a rebound.
5:28 of 2nd period - Wrist shot by Henrik Sedin.
5:28 of 2nd period - Shot Blocked by Danny DeKeiser.
5:30 of 2nd period - Wrist shot by Henrik Sedin.
5:30 of 2nd period - Shot Misses the Net.
5:39 of 2nd period - Minor Penalty to Eric Gryba for Hooking.
5:40 of 2nd period - Tyler Seguin wins face-off versus Andrei Loktionov in Golden Knights zone.
5:46 of 2nd period - Wrist shot by Tyler Seguin.
5:46 of 2nd period - Shot Misses the Net.
5:48 of 2nd period - Slapshot by Travis Hamonic.
5:48 of 2nd period - Shot Misses the Net.
5:50 of 2nd period - Slapshot by Artemi Panarin.
5:50 of 2nd period - Shot Blocked by Mathew Dumba.
5:52 of 2nd period - Snap shot by Travis Hamonic.
5:52 of 2nd period - Stopped by Ondrej Pavelec with a rebound.
5:54 of 2nd period - Slapshot by Colton Parayko.
5:54 of 2nd period - Stopped by Ondrej Pavelec with a rebound.
5:56 of 2nd period - Snap shot by Travis Hamonic.
5:56 of 2nd period - Deflect By Artemi Panarin.
5:56 of 2nd period - Stopped by Ondrej Pavelec without a rebound.
5:57 of 2nd period - Tyler Seguin wins face-off versus Andrei Loktionov in Golden Knights zone.
6:00 of 2nd period - Wrist shot by Tyler Seguin.
6:00 of 2nd period - Shot Blocked by Andrei Loktionov.
6:44 of 2nd period - Olli Maatta is hit by Rob Scuderi and loses puck.
7:39 of 2nd period - Penalty to Eric Gryba is over, Eric Gryba is back on ice.
7:51 of 2nd period - Snap shot by Eric Gryba.
7:51 of 2nd period - Stopped by Rick DiPietro with a rebound.
7:57 of 2nd period - Danny DeKeiser is hit by Matt Calvert and loses puck.
9:17 of 2nd period - Slapshot by Zach Bogosian.
9:17 of 2nd period - Shot Blocked by Tyler Kennedy.
10:00 of 2nd period - Snap shot by Artemi Panarin.
10:00 of 2nd period - Stopped by Ondrej Pavelec with a rebound.
10:24 of 2nd period - Tyler Seguin is hit by Zach Bogosian and loses puck.
11:39 of 2nd period - Kellan Lain is hit by Devin Setoguchi and loses puck.
12:48 of 2nd period - Tim Connolly is hit by Andrei Loktionov and loses puck.
13:15 of 2nd period - Off-side.
13:16 of 2nd period - Henrik Sedin wins face-off versus Martin Hanzal in neutral zone.
13:31 of 2nd period - Minor Penalty to Brandon Bollig for High sticking.
13:32 of 2nd period - Tyler Seguin wins face-off versus Andrei Loktionov in Blue Jackets zone.
13:41 of 2nd period - Snap shot by Artemi Panarin.
13:41 of 2nd period - Shot Misses the Net.
14:19 of 2nd period - Snap shot by Tyler Seguin.
14:19 of 2nd period - Deflect By Bobby Ryan.
14:19 of 2nd period - Stopped by Ondrej Pavelec with a rebound.
15:31 of 2nd period - Penalty to Brandon Bollig is over, Brandon Bollig is back on ice.
15:46 of 2nd period - Slapshot by Thomas Vanek.
15:46 of 2nd period - Stopped by Rick DiPietro with a rebound.
15:50 of 2nd period - Snap shot by Luke Glendening.
15:50 of 2nd period - Shot Blocked by Tim Connolly.
15:52 of 2nd period - Snap shot by Luke Glendening.
15:52 of 2nd period - Shot Misses the Net.
16:32 of 2nd period - Olli Maatta is hit by Bobby Ryan and loses puck.
16:45 of 2nd period - Danny DeKeiser is hit by Matt Calvert and loses puck.
16:56 of 2nd period - Kellan Lain is hit by Kevin Porter and loses puck.
17:15 of 2nd period - Tom Wilson is hit by Artemi Panarin and loses puck.
17:38 of 2nd period - Off-side.
17:39 of 2nd period - Tim Connolly wins face-off versus Chris Tierney in neutral zone.
18:04 of 2nd period - Luke Glendening is hit by Bobby Ryan and loses puck.
18:44 of 2nd period - Slapshot by Tim Connolly.
18:44 of 2nd period - Shot Misses the Net.
18:46 of 2nd period - Slapshot by Travis Hamonic.
18:46 of 2nd period - Shot Hit the Post.
18:48 of 2nd period - Slapshot by Travis Hamonic.
18:48 of 2nd period - Stopped by Ondrej Pavelec with a rebound.
18:50 of 2nd period - Slapshot by Travis Hamonic.
18:50 of 2nd period - Stopped by Ondrej Pavelec without a rebound.
18:51 of 2nd period - Tyler Seguin wins face-off versus Andrei Loktionov in Golden Knights zone.
18:52 of 2nd period - Slapshot by Artemi Panarin.
18:52 of 2nd period - Shot Blocked by Danny DeKeiser.
18:58 of 2nd period - Wrist shot by Artemi Panarin.
18:58 of 2nd period - Goal by Artemi Panarin - Golden Knights : 1 - Blue Jackets : 3.
18:59 of 2nd period - Andrei Loktionov wins face-off versus Tyler Seguin in neutral zone.
Goals for this period are 1 for Golden Knights vs 1 for Blue Jackets.
Shots for this period are 9 for Golden Knights vs 13 for Blue Jackets.
3rd period
0:01 of 3rd period - Andrei Loktionov wins face-off versus Tyler Seguin in neutral zone.
0:06 of 3rd period - Slapshot by Zach Bogosian.
0:06 of 3rd period - Stopped by Rick DiPietro with a rebound.
0:08 of 3rd period - Snap shot by Nathan Horton.
0:08 of 3rd period - Shot Blocked by Colton Parayko.
0:10 of 3rd period - Snap shot by Andrew Cogliano.
0:10 of 3rd period - Goal by Andrew Cogliano - Golden Knights : 2 - Blue Jackets : 3.
0:11 of 3rd period - Andrei Loktionov wins face-off versus Tyler Seguin in neutral zone.
0:20 of 3rd period - Snap shot by Andrew Cogliano.
0:20 of 3rd period - Shot Blocked by Travis Hamonic.
0:22 of 3rd period - Snap shot by Andrew Cogliano.
0:22 of 3rd period - Goal by Andrew Cogliano - Golden Knights : 3 - Blue Jackets : 3.
0:23 of 3rd period - Tyler Seguin wins face-off versus Andrei Loktionov in neutral zone.
0:40 of 3rd period - Minor Penalty to Andrew Cogliano for Holding.
0:41 of 3rd period - Tyler Seguin wins face-off versus Andrei Loktionov in Golden Knights zone.
1:07 of 3rd period - Mathew Dumba is hit by Brandon Bollig.
1:57 of 3rd period - Slapshot by Thomas Vanek.
1:57 of 3rd period - Shot Misses the Net.
2:40 of 3rd period - Penalty to Andrew Cogliano is over, Andrew Cogliano is back on ice.
3:42 of 3rd period - Zach Bogosian is hit by Devin Setoguchi and loses puck.
4:13 of 3rd period - Icing by Matt Calvert.
4:14 of 3rd period - Luke Glendening wins face-off versus Tyler Seguin in Blue Jackets zone.
4:29 of 3rd period - Luke Glendening is hit by Shea Theodore.
4:49 of 3rd period - Snap shot by Damien Brunner.
4:49 of 3rd period - Deflect By Kellan Lain.
4:49 of 3rd period - Shot Hit the Post.
4:49 of 3rd period - Puck is out of play.
4:50 of 3rd period - Andrei Loktionov wins face-off versus Tyler Seguin in Blue Jackets zone.
4:50 of 3rd period - Zach Bogosian is hit by Colton Parayko and loses puck.
4:59 of 3rd period - Wrist shot by Andrew Cogliano.
4:59 of 3rd period - Stopped by Rick DiPietro without a rebound.
5:00 of 3rd period - Tyler Seguin wins face-off versus Andrei Loktionov in Blue Jackets zone.
5:00 of 3rd period - Tyler Seguin is hit by Zach Bogosian.
5:31 of 3rd period - Snap shot by Tyler Seguin.
5:31 of 3rd period - Stopped by Ondrej Pavelec with a rebound.
6:04 of 3rd period - Minor Penalty to Bobby Ryan for Holding.
6:05 of 3rd period - Kellan Lain wins face-off versus Devin Setoguchi in Blue Jackets zone.
8:03 of 3rd period - Andrew Cogliano is hit by Rob Scuderi.
8:04 of 3rd period - Penalty to Bobby Ryan is over, Bobby Ryan is back on ice.
8:18 of 3rd period - Off-side.
8:19 of 3rd period - Martin Hanzal wins face-off versus Tyler Kennedy in neutral zone.
8:34 of 3rd period - Dennis Wideman is hit by Luke Glendening and loses puck.
8:45 of 3rd period - Matt Calvert is hit by Kellan Lain and loses puck.
9:02 of 3rd period - Mathew Dumba is hit by Artemi Panarin and loses puck.
9:09 of 3rd period - Wrist shot by Bobby Ryan.
9:09 of 3rd period - Stopped by Ondrej Pavelec without a rebound.
9:10 of 3rd period - Tyler Seguin wins face-off versus Andrew Cogliano in Golden Knights zone.
9:21 of 3rd period - Slapshot by Andrew Cogliano.
9:21 of 3rd period - Deflect By Artemi Panarin.
9:21 of 3rd period - Stopped by Rick DiPietro with a rebound.
9:27 of 3rd period - Snap shot by Andrew Cogliano.
9:27 of 3rd period - Goal by Andrew Cogliano - Golden Knights : 4 - Blue Jackets : 3.
9:28 of 3rd period - Tyler Seguin wins face-off versus Andrei Loktionov in neutral zone.
9:33 of 3rd period - Snap shot by Tyler Seguin.
9:33 of 3rd period - Shot Blocked by Mathew Dumba.
9:35 of 3rd period - Snap shot by Bobby Ryan.
9:35 of 3rd period - Shot Misses the Net.
9:37 of 3rd period - Snap shot by Artemi Panarin.
9:37 of 3rd period - Stopped by Ondrej Pavelec with a rebound.
9:39 of 3rd period - Slapshot by Travis Hamonic.
9:39 of 3rd period - Deflect By Tyler Seguin.
9:39 of 3rd period - Shot Misses the Net.
9:39 of 3rd period - Puck is out of play.
9:40 of 3rd period - Tyler Seguin wins face-off versus Andrei Loktionov in Golden Knights zone.
9:45 of 3rd period - Snap shot by Bobby Ryan.
9:45 of 3rd period - Shot Blocked by Mathew Dumba.
9:47 of 3rd period - Snap shot by Artemi Panarin.
9:47 of 3rd period - Deflect By Tyler Seguin.
9:47 of 3rd period - Stopped by Ondrej Pavelec without a rebound.
9:48 of 3rd period - Tyler Seguin wins face-off versus Andrei Loktionov in Golden Knights zone.
9:53 of 3rd period - Wrist shot by Tyler Seguin.
9:53 of 3rd period - Shot Misses the Net.
9:55 of 3rd period - Wrist shot by Tyler Seguin.
9:55 of 3rd period - Stopped by Ondrej Pavelec with a rebound.
9:57 of 3rd period - Snap shot by Artemi Panarin.
9:57 of 3rd period - Goal by Artemi Panarin - Golden Knights : 4 - Blue Jackets : 4.
9:58 of 3rd period - Andrew Cogliano wins face-off versus Tyler Seguin in neutral zone.
10:05 of 3rd period - Snap shot by Andrei Loktionov.
10:05 of 3rd period - Stopped by Rick DiPietro without a rebound.
10:06 of 3rd period - Tyler Seguin wins face-off versus Nathan Horton in Blue Jackets zone.
10:06 of 3rd period - Tyler Seguin is hit by Zach Bogosian.
10:42 of 3rd period - Slapshot by Andrei Loktionov.
10:42 of 3rd period - Shot Hit the Post.
11:40 of 3rd period - Snap shot by Nathan Horton.
11:40 of 3rd period - Stopped by Rick DiPietro without a rebound.
11:41 of 3rd period - Kellan Lain wins face-off versus Henrik Sedin in Blue Jackets zone.
11:54 of 3rd period - Snap shot by Damien Brunner.
11:54 of 3rd period - Deflect By Kellan Lain.
11:54 of 3rd period - Shot Misses the Net.
11:54 of 3rd period - Puck is out of play.
11:55 of 3rd period - Matt Stajan wins face-off versus Henrik Sedin in Blue Jackets zone.
12:20 of 3rd period - Colton Parayko is hit by Chris Tierney and loses puck.
12:29 of 3rd period - Wrist shot by Chris Tierney.
12:29 of 3rd period - Stopped by Rick DiPietro with a rebound.
12:31 of 3rd period - Slapshot by Chris Tierney.
12:31 of 3rd period - Stopped by Rick DiPietro without a rebound.
12:32 of 3rd period - Henrik Sedin wins face-off versus Chris Tierney in Blue Jackets zone.
13:24 of 3rd period - Slapshot by Kevin Porter.
13:24 of 3rd period - Stopped by Ondrej Pavelec with a rebound.
13:26 of 3rd period - Slapshot by Devin Setoguchi.
13:26 of 3rd period - Stopped by Ondrej Pavelec with a rebound.
13:44 of 3rd period - Icing by Mathew Dumba.
13:45 of 3rd period - Tyler Seguin wins face-off versus Luke Glendening in Golden Knights zone.
13:54 of 3rd period - Snap shot by Tyler Kennedy.
13:54 of 3rd period - Shot Blocked by Luke Glendening.
14:46 of 3rd period - Wrist shot by Luke Glendening.
14:46 of 3rd period - Stopped by Rick DiPietro with a rebound.
14:48 of 3rd period - Slapshot by Zach Bogosian.
14:48 of 3rd period - Shot Blocked by Tyler Kennedy.
14:54 of 3rd period - Snap shot by Thomas Vanek.
14:54 of 3rd period - Shot Misses the Net.
14:56 of 3rd period - Snap shot by Mathew Dumba.
14:56 of 3rd period - Stopped by Rick DiPietro with a rebound.
14:58 of 3rd period - Slapshot by Zach Bogosian.
14:58 of 3rd period - Deflect By Tyler Kennedy.
14:58 of 3rd period - Stopped by Rick DiPietro without a rebound.
14:59 of 3rd period - Andrei Loktionov wins face-off versus Tyler Seguin in Blue Jackets zone.
15:00 of 3rd period - Slapshot by Nathan Horton.
15:00 of 3rd period - Shot Blocked by Travis Hamonic.
15:14 of 3rd period - Slapshot by Artemi Panarin.
15:14 of 3rd period - Stopped by Ondrej Pavelec with a rebound.
15:16 of 3rd period - Backhand shot by Tyler Seguin.
15:16 of 3rd period - Stopped by Ondrej Pavelec with a rebound.
15:26 of 3rd period - Henrik Sedin is hit by Matt Stajan and loses puck.
15:41 of 3rd period - Minor Penalty to Damien Brunner for High sticking.
15:42 of 3rd period - Tyler Seguin wins face-off versus Andrei Loktionov in Golden Knights zone.
16:52 of 3rd period - Andrew Cogliano is hit by Artemi Panarin and loses puck.
17:03 of 3rd period - Danny DeKeiser is hit by Henrik Sedin and loses puck.
17:36 of 3rd period - Kellan Lain is hit by Artemi Panarin and loses puck.
17:41 of 3rd period - Penalty to Damien Brunner is over, Damien Brunner is back on ice.
17:51 of 3rd period - Slapshot by Matt Stajan.
17:51 of 3rd period - Deflect By Colton Parayko.
17:51 of 3rd period - Stopped by Rick DiPietro without a rebound.
17:52 of 3rd period - Matt Stajan wins face-off versus Tim Connolly in Blue Jackets zone.
Goals for this period are 3 for Golden Knights vs 1 for Blue Jackets.
Shots for this period are 14 for Golden Knights vs 10 for Blue Jackets.
Overtime #1
0:01 of 1st overtime period - Tyler Seguin wins face-off versus Andrei Loktionov in neutral zone.
0:49 of 1st overtime period - Snap shot by Henrik Sedin.
0:49 of 1st overtime period - Stopped by Ondrej Pavelec with a rebound.
0:51 of 1st overtime period - Slapshot by Colton Parayko.
0:51 of 1st overtime period - Deflect By Henrik Sedin.
0:51 of 1st overtime period - Stopped by Ondrej Pavelec with a rebound.
0:53 of 1st overtime period - Snap shot by Bobby Ryan.
0:53 of 1st overtime period - Stopped by Ondrej Pavelec without a rebound.
0:54 of 1st overtime period - Henrik Sedin wins face-off versus Andrei Loktionov in Golden Knights zone.
1:31 of 1st overtime period - Snap shot by Andrew Cogliano.
1:31 of 1st overtime period - Stopped by Rick DiPietro with a rebound.
1:33 of 1st overtime period - Slapshot by Zach Bogosian.
1:33 of 1st overtime period - Stopped by Rick DiPietro with a rebound.
1:35 of 1st overtime period - Wrist shot by Andrew Cogliano.
1:35 of 1st overtime period - Stopped by Rick DiPietro with a rebound.
1:37 of 1st overtime period - Slapshot by Zach Bogosian.
1:37 of 1st overtime period - Deflect By Colton Parayko.
1:37 of 1st overtime period - Stopped by Rick DiPietro without a rebound.
1:38 of 1st overtime period - Matt Stajan wins face-off versus Tyler Seguin in Blue Jackets zone.
1:39 of 1st overtime period - Snap shot by Kellan Lain.
1:39 of 1st overtime period - Shot Blocked by Rob Scuderi.
1:55 of 1st overtime period - Snap shot by Artemi Panarin.
1:55 of 1st overtime period - Stopped by Ondrej Pavelec with a rebound.
2:32 of 1st overtime period - T.J. Oshie is hit by Zach Bogosian and loses puck.
2:59 of 1st overtime period - Kellan Lain is hit by Artemi Panarin and loses puck.
3:43 of 1st overtime period - Icing by Dennis Wideman.
3:44 of 1st overtime period - Henrik Sedin wins face-off versus Andrei Loktionov in Blue Jackets zone.
3:49 of 1st overtime period - Eric Gryba is hit by Henrik Sedin and loses puck.
4:10 of 1st overtime period - Mathew Dumba is hit by Artemi Panarin and loses puck.
4:18 of 1st overtime period - Artemi Panarin is hit by Matt Stajan and loses puck.
4:46 of 1st overtime period - Travis Hamonic is hit by Danny DeKeiser and loses puck.
Goals for this period are 0 for Golden Knights vs 0 for Blue Jackets.
Shots for this period are 4 for Golden Knights vs 4 for Blue Jackets.
ShootOut
5:00 of 1st overtime period - Round #1.
5:00 of 1st overtime period - Golden Knights, Andrei Loktionov.
5:00 of 1st overtime period - Deke by Andrei Loktionov.
5:00 of 1st overtime period - Stopped by Rick DiPietro.
5:00 of 1st overtime period - Blue Jackets, Tyler Seguin.
5:00 of 1st overtime period - Backhand shot by Tyler Seguin.
5:00 of 1st overtime period - Goal by Tyler Seguin.
5:00 of 1st overtime period - Round #2.
5:00 of 1st overtime period - Golden Knights, Andrew Cogliano.
5:00 of 1st overtime period - Backhand shot by Andrew Cogliano.
5:00 of 1st overtime period - Stopped by Rick DiPietro.
5:00 of 1st overtime period - Blue Jackets, Artemi Panarin.
5:00 of 1st overtime period - Deke by Artemi Panarin.
5:00 of 1st overtime period - Stopped by Ondrej Pavelec.
5:00 of 1st overtime period - Round #3.
5:00 of 1st overtime period - Golden Knights, Matt Stajan.
5:00 of 1st overtime period - Snap shot by Matt Stajan.
5:00 of 1st overtime period - Stopped by Rick DiPietro.